 Dungeon Crawl Stone Soup version 0.30-a0-576-g89cddaab80 (webtiles) character file.

Game seed: 15617761484234611759

301 arthad the Magician (level 6, -5/67 HPs)
             Began as a Djinni Fire Elementalist on Dec 31, 2022.
             Was a Follower of Elyvilon.
             Slain by Eustachio
             ... wielding a +0 rapier
              (8 damage)
             ... on level 4 of the Dungeon.
             The game lasted 00:10:58 (2454 turns).

arthad the Magician (Djinni Fire Elementalist)      Turns: 2454, Time: 00:10:58

Health: -5/67      AC: 23    Str:  7      XL:     6   Next: 64%
Gold:   150        EV: -1    Int: 18      God:    Elyvilon [*.....] SH:  0 Dex: 13 (14)

rFire   . . .      SeeInvis .    i - staff of earth
rCold   . . .      Faith    +    (no shield)
rNeg    . . .      Spirit   .    (body armour currently unavailable)
rPois   ∞          Reflect  .    (helmet currently unavailable)
rElec   .          Harm     .    (cloak currently unavailable)
rCorr   .          Rampage  .    (gloves currently unavailable)
Will    .....      NoTele   +    (boots unavailable)
Stlth   ++                       q - amulet of faith
HPRegen 0.31/turn                (no ring)
MPRegen 0.00/turn                (no ring)

@: tree-form (expiring), weak-willed, grasped by roots, constricted
A: stationary, stasis, torment immunity, boosted hp, sickness immunity, (fire
resistance 2), (cold vulnerability 1), float, innate caster, HP casting, extra
vitality 1
a: Renounce Religion, Purification


You were on level 4 of the Dungeon.
You worshipped Elyvilon.
Elyvilon was aware of your devotion.
You were a tree.
You visited 1 branch of the dungeon, and saw 4 of its levels.

You collected 150 gold pieces.

Inventory:

Hand Weapons
 s - a +1 long sword of electrocution
Missiles
 j - 10 poisoned darts
Armour
 a - a +0 robe (melded)
 o - a +0 tower shield
Magical Staves
 i - a staff of earth (weapon)
Jewellery
 d - a ring of see invisible
 q - an amulet of faith (around neck)
Scrolls
 e - 2 scrolls of teleportation
 f - 6 scrolls of identify {unknown}
 g - 3 scrolls of enchant armour {unknown}
 m - a scroll of brand weapon {unknown}
 n - a scroll of silence {unknown}
 r - a scroll of amnesia
Potions
 b - a potion of magic
 h - a potion of attraction


   Skills:
 * Level 2.7 Fighting
 + Level 1.8 Armour
 + Level 3.1 Dodging
 * Level 3.0 Stealth
 * Level 3.3 Spellcasting
 * Level 1.1 Invocations


You couldn't memorise any spells.
You knew the following spells:

 Your Spells              Type           Power      Damage    Failure   Level
a - Foxfire               Conj/Fire      60%        2x1d7     4%          1
b - Scorch                Fire           30%        2d7       6%          2
c - Kindle Blastsparks    Fire/Tloc/Air  30%        2d12      12%         3
d - Inner Flame           Hex/Fire       15%        N/A       12%         3
e - Flame Wave            Conj/Fire      15%        2d7       36%         4
f - Summon Small Mammal   Summ           60%        N/A       4%          1
g - Call Imp              Summ           15%        N/A       6%          2
Your spell library was empty.

Dungeon Overview and Level Annotations

Branches:
Dungeon (4/15)
 Temple: D:4-7

Altars:
Elyvilon
Hepliaklqana
Qazlal
Zin
The Shining One

Shops:
D:2 (   D:3 (

Annotations:
D:4 Eustachio


Innate Abilities, Weirdness & Mutations

You are a tree.
Your roots penetrate the ground, keeping you stationary.
You cannot be teleported.
You are immune to unholy pain and torment.
Your maximum health is greatly increased.
Your equipment is partially melded.
You are immune to sickness and miasma.
You are immune to poison.
((Your flesh is very heat resistant. (rF++)))
((You are vulnerable to cold. (rC-)))
You float through the air rather than walking.
You learn spells naturally, not from books.
Your magical power is your life essence.
You have superior vitality. (+4 MHP)


Message History

Eustachio hits you with a +0 rapier.
* * * LOW HITPOINT WARNING * * *
The adder bites you but does no damage.
As you read the scroll labelled UROSCH UREAWUI, it crumbles to dust.
It is a scroll of amnesia.
You feel forgetful for a moment.
The kobold throws a stone.
The stone hits you but does no damage. Eustachio hits you with a +0 rapier.
* * * LOW HITPOINT WARNING * * *
The adder bites you but does no damage.
As you read the scroll labelled MIKHLUC LIMIFF, it crumbles to dust.
You cannot blink because you are held in place by your roots.
It was a scroll of blinking.
The adder barely misses you. Eustachio hits you with a +0 rapier.
* * * LOW HITPOINT WARNING * * *
As you read the scroll labelled VEGROZ GUDI, it crumbles to dust.
You hear a loud clanging noise!
It was a scroll of noise.
You hear an angry hiss. x2; You hear a shout!
The adder bites you but does no damage. The kobold hits you but does no damage.
Eustachio hits you but does no damage. The adder bites you but does no damage.
As you read the scroll labelled EMYMUI BOQEGG, it crumbles to dust.
You feel a strange sense of stasis.
It was a scroll of teleportation.
Your transformation is almost over.
The kobold hits you but does no damage.
Eustachio zaps a wand.
The roots erupt in riotous growth!
The grasping roots grab you!
The kobold is unaffected.
The adder is unaffected.
Eustachio is unaffected.
The grasping roots constrict you.
* * * LOW HITPOINT WARNING * * *
The adder bites you but does no damage.
Unknown command.
As you read the scroll labelled DILUIRH CAVI, it crumbles to dust.
Magic quickly surges around you.
It was a scroll of vulnerability.
The kobold hits you but does no damage. Eustachio hits you but does no damage.
The grasping roots constrict you. The adder bites you but does no damage.
As you read the scroll labelled HEZAKK KISO, it crumbles to dust.
The creatures around you are filled with an inner flame!
It was a scroll of immolation.
The adder bites you but does no damage. The kobold hits you but does no damage.
Eustachio hits you with a +0 rapier!
You die...

#.#......#
#(..<....#
#........#
#.........##
#.#...(....#
#.#........##
#.#....(....#
#.##........##
......K♣...#
.......S@..##
(..###......#
. #......#.#..
#.$.......#
##:<....#.#
#......# #
#..........
#...........


You could see Eustachio (inner flame, weak-willed), an adder (inner flame,
weak-willed) and a kobold (inner flame, weak-willed).

Vanquished Creatures
  Sigmund (D:2)
  An iguana (D:3)
  4 gnolls (D:3)
  2 adders
  2 worms
  3 dart slugs
  An orc (D:3)
  3 endoplasms
  2 giant cockroaches
  2 goblins
  6 hobgoblins
  A jackal (D:2)
  3 quokkas
  2 ball pythons
  5 bats
  A frilled lizard (D:3)
  5 kobolds
  4 rats
48 creatures vanquished.

Vanquished Creatures (others)
  177 foxfires
177 creatures vanquished.

Grand Total: 225 creatures vanquished

Notes
Turn   | Place    | Note
-------+----------+-------------------------------------------
     0 | D:1      | arthad the Djinni Fire Elementalist began the quest for the
                  | Orb.
     0 | D:1      | arthad set off with the following spells memorised:
                  | Foxfire, Scorch, Kindle Blastsparks, Inner Flame, Flame
                  | Wave.
     0 | D:1      | Reached XP level 1. HP: 15/15 MP: 0/0
   170 | D:1      | Reached XP level 2. HP: 19/22 MP: 0/0
   901 | D:2      | Reached skill level 1 in Fighting
   928 | D:2      | Found Ejidila's Antique Weapon Emporium.
   930 | D:2      | You are sucked into a shaft and drop 2 floors!
   954 | D:4      | Reached XP level 3. HP: 24/27 MP: 0/0
   954 | D:4      | Learned a level 1 spell: Summon Small Mammal
   967 | D:3      | Found a glowing golden altar of the Shining One.
   968 | D:3      | Found a glowing silver altar of Zin.
   969 | D:3      | Found a white marble altar of Elyvilon.
   979 | D:3      | Became a worshipper of Elyvilon the Healer
  1056 | D:2      | Found a stormy altar of Qazlal.
  1065 | D:2      | Found a faded altar of an unknown god.
  1068 | D:2      | Noticed Sigmund
  1085 | D:2      | Killed Sigmund
  1086 | D:2      | Reached skill level 1 in Armour
  1086 | D:2      | Reached XP level 4. HP: 12/34 MP: 0/0
  1086 | D:2      | Reached XP level 5. HP: 14/39 MP: 0/0
  1086 | D:2      | Learned a level 2 spell: Call Imp
  1086 | D:2      | Reached XP level 6. HP: 16/45 MP: 0/0
  2127 | D:3      | Reached * piety under Elyvilon
  2223 | D:3      | Found Cosag's Antique Weapon Boutique.
  2229 | D:3      | Reached skill level 1 in Invocations
  2344 | D:3      | Found a hazy altar of Hepliaklqana.
  2397 | D:4      | Noticed Eustachio
  2425 | D:4      | HP: 2/67 [Eustachio/+0 rapier (2)]
  2449 | D:4      | HP: 3/67 [Eustachio/+0 rapier (1)]
  2454 | D:4      | Slain by Eustachio

Illustrated notes

Levels and vault maps discovered:
D:1:      eino_arrival_water_star, layout_loops_ring, minmay_misc_feat_five,
          ebering_dispersal_statue_hall
D:2:      layout_basic, nicolae_ecumenical_oubliette, basic_altar, serial_shops,
          shop, minmay_surrounded, uniq_sigmund
D:3:      layout_rooms, good_gods_temple_1, lemuel_round_altar, serial_shops,
          nicolae_shop_crystal
D:4:      minmay_skewed_foursquare, layout_rooms, jmf_multi_god_temple,
          uniq_blork_the_orc, uniq_eustachio

Skill      XL: |  1  2  3  4  5  6 |
---------------+-------------------+-----
Fighting       | 1 2 |  2.7
Stealth        | 2 3 |  3.0
Armour         | 1 |  1.8
Dodging        | 3 |  3.1
Spellcasting   | 3 |  3.3
Invocations    | 1 |  1.1

Action                   |  1- 3 |  4- 6 || total
-------------------------+-------+-------++-------
Melee: Unarmed           |     1 |       ||     1
       Staff             |     9 |    15 ||    24
Throw: Dart              |       |     6 ||     6
 Cast: Foxfire           |    49 |    61 ||   110
       Scorch            |     9 |    10 ||    19
  Use: Potion            |     3 |     2 ||     5
       Scroll            |       |     8 ||     8
Armor: Robe              |     1 |     5 ||     6
       Skin              |    10 |    82 ||    92
Dodge: Dodged            |    11 |    21 ||    32

Table legend: (Time is in decaauts)
 A = Elapsed time spent in this place.
 B = Non-inter-level travel time spent in this place.
 C = Inter-level travel time spent in this place.
 D = Time resting spent in this place.
 E = Time spent auto-exploring this place.
 F = Levels seen in this place.
 G = Mean time per level.
                   A        B        C        D        E       F      G
               +--------+--------+--------+--------+--------+-----+--------+
         Total |   2461 |   2378 |     83 |    215 |   1691 |   4 |  615.2 |
       Dungeon |   2461 |   2378 |     83 |    215 |   1691 |   4 |  615.2 |
               +--------+--------+--------+--------+--------+-----+--------+

Top non-repeatable levels by time:
     D:2: 976 daAuts
     D:3: 735 daAuts
     D:1: 650 daAuts
     D:4: 99 daAuts
